 Dungeon Crawl Stone Soup version 0.31-a0-836-g3ceb0a68c4 (webtiles) character file.

Game seed: 3145757486810589265

106711 thirtiethelement the Unseen (level 15, -20/103 HPs)
             Began as a Demonspawn Enchanter on Sept 23, 2023.
             Was the Champion of Dithmenos.
             Demolished by quinnr's ghost (70 damage)
             ... on level 1 of the Snake Pit on Sept 26, 2023.
             The game lasted 01:45:18 (22840 turns).

thirtiethelement the Unseen (Demonspawn Enchanter) Turns: 22840, Time: 01:45:25

Health: -20/103    AC: 10    Str:  9    XL:     15   Next: 98%
Magic:  28/28      EV: 22    Int: 16    God:    Dithmenos [******]
Gold:   1650       SH: 16    Dex: 21    Spells: 25/33 levels left

rFire   + . .        C - +1 dagger (elec)
rCold   + + +        G - +3 buckler
rNeg    . . .        S - +4 skin of Zhor {*Englaciate rC+++ SInv}
rPois   +            H - +0 helmet
rElec   .            F - scarf {rC+ rF+}
rCorr   .            y - +2 pair of gloves {Stlth+}
SInv    +            (boots unavailable)
Will    +....        J - amulet "Girid" {RegenMP Rampage Slay+5} Stlth ******++++
                     I - +5 ring of evasion
HPRegen 0.37/turn    p - ring of poison resistance
MPRegen 0.61/turn

%: rampage
@: wreathed by umbra, studying 2 skills
A: hooves 3, large bone plates 2, ignite blood 1, demonic magic 3, deterioration
1, passive freeze, evolution 1
a: Renounce Religion, Shadow Step, Shadow Form


You were on level 1 of the Snake Pit.
You worshipped Dithmenos.
Dithmenos was exalted by your worship.
You visited 5 branches of the dungeon, and saw 20 of its levels.
You also visited: Ossuary and Ice Cave.

You collected 2141 gold pieces.
You spent 491 gold pieces at shops.

Inventory:

Hand Weapons
 C - a +1 dagger of electrocution (weapon)
 Y - a +2 rapier of draining
Missiles
 w - 2 throwing nets
Armour
 y - a +2 pair of gloves of stealth (worn)
 F - a scarf of resistance (worn)
 G - a +3 buckler (worn)
 H - a +0 helmet (worn)
 L - a +2 robe of resistance
 M - a +2 pair of gloves of infusion
 N - a scarf of shadows
 P - a +1 buckler of cold resistance
 S - the +4 skin of Zhor (worn) {*Englaciate rC+++ SInv}
   (You found it on level 3 of the Lair of Beasts)

   *Englaciate: It radiates cold, occasionally slowing all nearby creatures who
   are not resistant to cold.
   rC+++:     It renders you almost immune to cold.
   SInv:      It lets you see invisible.
Jewellery
 p - a ring of poison resistance (right hand)
 A - a ring of protection from cold
 I - a +5 ring of evasion (left hand)
 J - the amulet "Girid" (around neck) {RegenMP Rampage Slay+5}
   (You acquired it on level 9 of the Dungeon)

   [amulet of magic regeneration]

   RegenMP:   It increases your rate of magic regeneration.
   Slay+5:    It affects your accuracy & damage with ranged weapons and melee
   (+5).
   Rampage:   It bestows one free step when moving towards enemies.
 Q - an amulet of guardian spirit
 T - a ring of flight
 X - an amulet of faith
Wands
 k - a wand of flame (5)
 x - a wand of paralysis (25)
 E - a wand of polymorph (5)
 O - a wand of mindburst (4)
 R - a wand of iceblast (4)
Scrolls
 b - a scroll of enchant weapon
 d - 4 scrolls of immolation
 f - 9 scrolls of teleportation
 g - 6 scrolls of fog
 l - 2 scrolls of blinking
 r - 2 scrolls of amnesia
 s - 2 scrolls of fear
 u - a scroll of torment
 D - 5 scrolls of poison
Potions
 a - 2 potions of magic
 c - a potion of invisibility
 e - 5 potions of enlightenment
 h - 5 potions of lignification
 i - 9 potions of curing
 j - 5 potions of heal wounds
 m - 4 potions of resistance
 n - 5 potions of haste
 o - 2 potions of cancellation
 q - 4 potions of might
 t - 8 potions of ambrosia
 v - 3 potions of attraction {unknown}
 z - 4 potions of brilliance {unknown}
 B - 4 potions of mutation
 U - a potion of berserk rage {unknown}
Miscellaneous
 K - a tin of tremorstones (2/2)
 W - a phial of floods


   Skills:
 + Level 5.5 Fighting
 + Level 8.1 Short Blades
 + Level 7.6 Dodging
 + Level 18.8 Stealth
 + Level 9.1 Shields
 + Level 9.6 Spellcasting
 + Level 4.1 Conjurations
 + Level 9.8 Hexes
 + Level 8.0 Ice Magic


You had 25 spell levels left.
You knew the following spells:

 Your Spells              Type           Power      Damage    Failure   Level
a - Ensorcelled Hibernat  Hex/Ice        72%        N/A       1%          2
b - Confusing Touch       Hex            39%        N/A       1%          3
c - Dazzling Flash        Conj/Hex       60%        N/A       2%          3

Your spell library contained the following spells:

 Spells                   Type           Power      Damage    Failure   Level
 Jinxbite                 Hex            78%        N/A       1%          2
 Tukima's Dance           Hex            39%        N/A       1%          3
 Magic Dart               Conj           80%        1d7       2%          1
 Foxfire                  Conj/Fire      56%        2x1d6     5%          1
 Kiss of Death            Conj/Necr      56%        2d9       5%          1
 Apportation              Tloc           14%        N/A       13%         1
 Necrotise                Necr           28%        1d5       13%         1
 Sandblast                Erth           14%        2d6       13%         1
 Summon Small Mammal      Summ           28%        N/A       13%         1
 Anguish                  Hex/Necr       11%        N/A       17%         4
 Blink                    Tloc           14%        N/A       19%         2
 Call Imp                 Summ           14%        N/A       19%         2
 Cigotuvi's Dreadful Rot  Necr/Pois/Air  14%        N/A       19%         2
 Sublimation of Blood     Necr           7%         N/A       19%         2
 Wereblood                Tmut           7%         N/A       19%         2
 Mephitic Cloud           Conj/Pois/Air  12%        N/A       22%         3
 Silence                  Hex/Air        11%        N/A       43%         5
 Yara's Violent Unravell  Hex/Tmut       11%        3d6       43%         5
 Iskenderun's Battlesphe  Conj           20%        2d7       54%         5
 Animate Dead             Necr           7%         N/A       77%         4
 Dispel Undead            Necr           7%         3d8       77%         4
 Manifold Assault         Tloc           7%         N/A       77%         4
 Passage of Golubria      Tloc           7%         N/A       77%         4
 Petrify                  Tmut/Erth      7%         N/A       77%         4
 Irradiate                Conj/Tmut      7%         3d14      83%         5
 Agony                    Necr           7%         N/A       98%         5
 Bombard                  Conj/Erth      7%         9d2       100%        6
 Plasma Beam              Fire/Air       3%         2x1d13    100%        6
 Starburst                Conj/Fire      7%         6d4       100%        6
 Haunt                    Necr/Summ      3%         N/A       100%        7
 Spellforged Servitor     Conj/Summ      7%         N/A       100%        7
 Summon Hydra             Summ           3%         N/A       100%        7
 Infestation              Necr           3%         N/A       100%        8
 Maxwell's Capacitive Co  Air            3%         ∞         100%        8
 Chain Lightning          Conj/Air       7%         3d9       100%        9


Dungeon Overview and Level Annotations

Branches:
Dungeon (11/15)            Temple (1/1) D:4            Lair (5/5) D:8
  Swamp (0/4) Lair:2        Snake (1/4) Lair:2        Slime (0/5) Lair:4
    Orc (2/2) D:10            Elf (0/3) Orc:2       Ossuary (visited)
  IceCv (visited)

Altars:
Ashenzari
Cheibriados
Dithmenos
Fedhas
Gozag
Hepliaklqana
Kikubaaqudgha
Makhleb
Nemelex Xobeh
Okawaru
Qazlal
Ru
Sif Muna
Trog
Uskayaw
Vehumet
Wu Jian
Xom
Yredelemnul
Jiyva
Lugonu

Shops:
D:4 [   D:7 :   Orc:1 :   Orc:2 ([*:   Snake:1 *

Portals:
Abyss: Lair:5

Annotations:
D:11 3 runed translucent doors, bahustanut's ghost, journeyman FoFi
Snake:1 1 transporter, quinnr's ghost, journeyman TeAE


Innate Abilities, Weirdness & Mutations

You have hooves in place of feet.
You are mostly covered in large bone plates. (SH +6)
Your demonic aura sometimes causes spilled blood to erupt in flames.
Spells you cast and wands you use may paralyse nearby enemies.
Your body sometimes deteriorates upon taking damage.
A frigid envelope surrounds you and freezes all who hurt you.
You have hidden genetic potential.


Message History

You are no longer poisoned.
Quinnr's ghost attacks as it pursues you!
Quinnr's ghost hits you but does no damage.
Quinnr's ghost resists.
Quinnr's ghost is very cold.
Quinnr's ghost is lightly damaged.
Quinnr's ghost gestures at you while chanting.
The ball explodes into a vile cloud!
The stinking cloud engulfs you but does no damage.
Quinnr's ghost gestures wildly while chanting.
Quinnr's ghost begins to radiate toxic energy.
You are poisoned.
You feel sick.
You feel sick.
You radiate an aura of cold.
Quinnr's ghost is unaffected.
You feel sick.
You feel sick.
You are no longer poisoned.
Items here: ) = [ †.
You puncture quinnr's ghost!
Lightning courses through quinnr's ghost!!
Quinnr's ghost is moderately damaged.
Your shadow completely misses quinnr's ghost.
Quinnr's ghost hits you but does no damage.
You completely miss quinnr's ghost.
Quinnr's ghost is moderately damaged.
Quinnr's ghost completely misses you.
You miss quinnr's ghost.
Quinnr's ghost is moderately damaged.
Your shadow closely misses quinnr's ghost.
You puncture quinnr's ghost! Your kick misses quinnr's ghost.
Quinnr's ghost is heavily damaged.
Your shadow closely misses quinnr's ghost.
You radiate an aura of cold.
Quinnr's ghost is unaffected.
You block quinnr's ghost's attack.
You closely miss quinnr's ghost.
Quinnr's ghost is moderately damaged.
Quinnr's ghost mumbles some strange words.
Quinnr's ghost emits a burst of electricity!
You are struck by an electric surge!!!
Ouch! That really hurt!
You die...

####### ##.....##
####...##..###
###....©.......##
##....#####......#
#...###...###....##
##..###......##....#
#...#####.W..##....#
#..##.#≈#@###.##)..#
#..#.###..)≈#..#...# #
#..#©...._:###.#..)# #
#..#...#))).W○○#...#######
#..##.##≈...†.##).........
#...#..##.)...#.....(..###
##..####.....##..###...##.
#...###.©.###...# ######.
##....#####....####### #.


You could see quinnr's ghost (swift, toxic aura).

Vanquished Creatures
  Saint Roka (Orc:2)
  Asterion (Snake:1)
  2 orc warlords (Orc:1)
  The ghost of Lodeef the Mimic, a journeyman OpSh of Gozag (Orc:1)
  An ettin (Orc:1)
  2 green deaths (Snake:1)
  2 hydras (Lair:5)
  2 ironbound frosthearts (IceCv)
  6 two-headed ogres
  5 anacondas (Snake:1)
  3 naga warriors (Snake:1)
  3 thrashing horrors (Lair:5)
  10 death yaks
  2 naga sharpshooters (Snake:1)
  4 orc high priests
  Nergalle (D:11)
  2 skysharks
  6 naga ritualists (Snake:1)
  A deep elf zephyrmancer (D:6)
  3 orc knights (Orc:2)
  An ugly thing (Lair:5)
  Pikel (D:8)
  3 orc sorcerers
  3 mana vipers (Snake:1)
  An oklob plant (Lair:1)
  A manticore (D:11)
  2 moths of wrath (Snake:1)
  3 salamanders (Snake:1)
  A cyclops (D:11)
  8 elephants (Lair:5)
  A black mamba (shapeshifter) (Lair:5)
  A guardian serpent (Snake:1)
  7 naga magi (Snake:1)
  A smoke demon (Lair:5)
  An ice statue (IceCv)
  8 black mambas
  5 torpor snails
  Jeremiah (D:8)
  11 cane toads
  A cane toad (shapeshifter) (Lair:5)
  7 rime drakes
  10 komodo dragons
  3 kobold demonologists
  An anaconda simulacrum (Lair:2)
  2 ice devils (Lair:1)
  A queen bee (Lair:3)
  6 trolls
  11 polar bears
  2 hornets
  2 raiju (Lair:5)
  2 wolf spider simulacra (Lair:2)
  30 blink frogs
  11 dream sheep
  A spectral elephant (Lair:2)
  A slime creature (D:8)
  2 shadows
  2 spriggans (Lair:5)
  A ynoxinul (Lair:5)
  7 wyverns
  69 yaks
  9 basilisks
  2 large abominations (Lair:5)
  3 chaos spawn (Lair:5)
  The ghost of Splishie the Ducker, an amateur GnMo of Hepliaklqana (D:4)
  A steam dragon (D:9)
  A spectral cane toad (Lair:2)
  15 nagas
  10 wargs
  An acid dragon (D:10)
  A spectral yak (Lair:2)
  20 water moccasins
  10 small abominations (Lair:5)
  A black bear (Lair:3)
  31 orc warriors
  10 ogres
  2 ice beasts
  A sky beast (D:7)
  3 centaurs
  32 wolves
  A phantom (D:6)
  2 kobold brigands
  A spectral wyvern (Lair:2)
  13 bullfrogs
  2 gnoll sergeants (D:8)
  3 scorpions
  13 wights
  A dream sheep simulacrum (Lair:2)
  27 killer bees
  An electric eel (Lair:5)
  10 howler monkeys
  8 hounds
  A komodo dragon simulacrum (Lair:2)
  2 centaur zombies (Ossuary)
  3 jellies
  A wyvern simulacrum (Lair:2)
  4 gnoll boudas
  2 human zombies (Ossuary)
  28 orc priests
  4 iguanas
  34 orc wizards
  A yak simulacrum (Lair:2)
  2 mummies (Ossuary)
  26 gnolls
  9 adders
  2 white imps (D:6)
  An ufetubus (D:6)
  An adder zombie (Ossuary)
  A worm (D:3)
  2 dart slugs (D:1)
  59 orcs
  11 endoplasms
  5 giant cockroaches
  6 goblins
  7 hobgoblins
  3 quokkas
  7 ball pythons
  A bat (D:2)
  A frilled lizard (D:1)
  8 hobgoblin zombies (Ossuary)
  3 jackal zombies (Ossuary)
  12 kobolds
  11 kobold zombies (Ossuary)
  9 orc zombies (Ossuary)
  4 rats
  A rat zombie (Ossuary)
798 creatures vanquished.

Vanquished Creatures (others)
  A dream sheep (Lair:3)
  2 orcs
3 creatures vanquished.

Grand Total: 801 creatures vanquished

Notes
Turn   | Place    | Note
-------+----------+-------------------------------------------
     0 | D:1      | thirtiethelement the Demonspawn Enchanter began the quest
                  | for the Orb.
     0 | D:1      | Reached XP level 1. HP: 13/13 MP: 3/3
   140 | D:1      | Reached skill level 3 in Stealth
   146 | D:1      | Gained mutation: You are partially covered in large bone
                  | plates. (SH +4) [demonic ancestry]
   146 | D:1      | Reached XP level 2. HP: 11/19 MP: 5/5
   149 | D:1      | Learned a level 2 spell: Ensorcelled Hibernation
   564 | D:1      | Reached skill level 1 in Short Blades
   868 | D:2      | Gained mutation: You have large cloven feet. [demonic
                  | ancestry]
   868 | D:2      | Reached XP level 3. HP: 24/24 MP: 1/6
  1208 | D:2      | Found a faded altar of an unknown god.
  1681 | D:3      | Got a sparkling book
  1686 | D:3      | Learned a level 3 spell: Confusing Touch
  1759 | D:3      | Reached XP level 4. HP: 25/30 MP: 4/7
  2706 | D:4      | Found a runed translucent door.
  2707 | D:4      | Noticed Splishie's ghost (amateur GnMo)
  2712 | D:4      | Noticed an ogre
  2724 | D:4      | Killed an ogre
  2725 | D:4      | Reached skill level 4 in Stealth
  2725 | D:4      | Gained mutation: Spells you cast may paralyse adjacent
                  | enemies. [demonic ancestry]
  2725 | D:4      | Reached XP level 5. HP: 36/36 MP: 5/8
  2793 | D:4      | Reached skill level 1 in Ice Magic
  2933 | D:4      | You fall into a shaft and drop 2 floors!
  2937 | D:6      | Found a burning altar of Makhleb.
  2989 | D:6      | Reached XP level 6. HP: 36/42 MP: 3/10
  3052 | D:6      | Reached skill level 1 in Fighting
  3139 | D:6      | Found a hide-covered altar of Uskayaw.
  3144 | D:6      | Found an ornate altar of the Wu Jian Council.
  3189 | D:5      | Entered Level 5 of the Dungeon
  3199 | D:5      | Reached skill level 5 in Stealth
  3301 | D:4      | Found a staircase to the Ecumenical Temple.
  3310 | Temple   | Entered the Ecumenical Temple
  3321 | D:4      | Found Mekinusch's Armour Shop.
  3568 | D:4      | Found a bloodstained altar of Trog.
  3824 | D:4      | Killed Splishie's ghost
  3825 | D:4      | Gained mutation: Your demonic aura sometimes causes spilled
                  | blood to erupt in flames. [demonic ancestry]
  3825 | D:4      | Reached XP level 7. HP: 37/48 MP: 5/11
  3879 | D:4      | Bought a +1 pair of gloves of stealth for 165 gold pieces
  4038 | D:5      | Reached skill level 1 in Shields
  4233 | D:5      | Reached skill level 6 in Stealth
  4722 | D:6      | Reached XP level 8. HP: 49/51 MP: 10/13
  5001 | D:6      | Reached skill level 7 in Stealth
  5840 | D:6      | Noticed a deep elf zephyrmancer
  5845 | D:6      | Killed a deep elf zephyrmancer
  5846 | D:6      | Reached skill level 8 in Stealth
  5846 | D:6      | Reached skill level 5 in Hexes
  6004 | D:7      | Found Ucicy's Vocational Training.
  6006 | D:7      | Gained mutation: You have hoof-like feet. [demonic
                  | ancestry]
  6006 | D:7      | Reached XP level 9. HP: 59/59 MP: 13/15
  6183 | D:7      | Found a sand-covered staircase.
  6202 | Ossuary  | Entered an ossuary
  6686 | D:7      | Learned a level 3 spell: Dazzling Flash
  6823 | D:7      | Found a shadowy altar of Dithmenos.
  6882 | D:7      | Reached skill level 9 in Stealth
  8034 | D:8      | Reached skill level 5 in Spellcasting
  8063 | D:8      | Noticed Pikel
  8068 | D:8      | Killed Pikel
  8084 | D:8      | Found a radiant altar of Vehumet.
  8091 | D:8      | Reached XP level 10. HP: 67/67 MP: 11/17
  8192 | D:8      | Found a large runed translucent door.
  8193 | D:8      | Found a large runed translucent door.
  8463 | D:8      | Reached skill level 10 in Stealth
  8637 | D:8      | Found a staircase to the Lair.
  8752 | D:8      | Found a blossoming altar of Fedhas.
  8820 | D:7      | Became a worshipper of Dithmenos the Shadowed
  8900 | D:8      | Identified the +7 plate armour of the Blue Skies {Harm
                  | *Slow Dex+2}
  9201 | D:8      | Noticed Jeremiah
  9211 | D:8      | Killed Jeremiah
  9211 | D:8      | Reached * piety under Dithmenos
  9654 | D:8      | Reached skill level 1 in Conjurations
  9716 | D:8      | Found an ancient bone altar of Kikubaaqudgha.
  9939 | D:9      | Identified a scroll of acquirement
  9939 | D:9      | Acquired the amulet "Girid" {RegenMP Rampage Slay+5}
 10037 | D:9      | Reached XP level 11. HP: 74/74 MP: 18/20
 10290 | D:9      | Reached skill level 11 in Stealth
 10454 | D:10     | Entered Level 10 of the Dungeon
 10683 | D:10     | Reached ** piety under Dithmenos
 10934 | D:10     | Found a staircase to the Orcish Mines.
 11254 | D:11     | Reached skill level 5 in Short Blades
 11261 | D:11     | Found a runed translucent gate.
 11261 | D:11     | Found a runed translucent gate.
 11261 | D:11     | Found a runed translucent gate.
 11264 | D:11     | Noticed bahustanut's ghost (journeyman FoFi)
 11319 | D:11     | Reached skill level 12 in Stealth
 11442 | D:11     | Noticed a two-headed ogre
 11446 | D:11     | Killed a two-headed ogre
 11455 | D:11     | Noticed Nergalle
 11460 | D:11     | Killed Nergalle
 11465 | D:11     | Noticed a two-headed ogre
 11479 | D:11     | Killed a two-headed ogre
 11708 | Lair:1   | Entered Level 1 of the Lair of Beasts
 11711 | Lair:1   | Found a frozen archway.
 11730 | IceCv    | Entered an ice cave
 11735 | IceCv    | Reached skill level 13 in Stealth
 11858 | IceCv    | Gained mutation: You are mostly covered in large bone
                  | plates. (SH +6) [demonic ancestry]
 11858 | IceCv    | Reached XP level 12. HP: 77/81 MP: 17/22
 11977 | IceCv    | Reached skill level 5 in Shields
 12051 | IceCv    | Reached *** piety under Dithmenos
 12082 | IceCv    | Reached skill level 5 in Dodging
 12218 | IceCv    | Noticed a death yak
 12240 | IceCv    | Killed a death yak
 12434 | IceCv    | Noticed a death yak
 12434 | IceCv    | Noticed a death yak
 12434 | IceCv    | Noticed a death yak
 12438 | IceCv    | Killed a death yak
 12442 | IceCv    | Killed a death yak
 12449 | IceCv    | Killed a death yak
 12491 | IceCv    | Noticed an ironbound frostheart
 12491 | IceCv    | Noticed a death yak
 12491 | IceCv    | Noticed an ironbound frostheart
 12492 | IceCv    | Noticed a death yak
 12561 | IceCv    | Killed a death yak
 12562 | IceCv    | Reached skill level 14 in Stealth
 12574 | IceCv    | Killed a death yak
 12910 | IceCv    | Killed an ironbound frostheart
 12936 | IceCv    | Killed an ironbound frostheart
 13243 | Lair:1   | Gained mutation: You have hooves in place of feet. [demonic
                  | ancestry]
 13243 | Lair:1   | Reached XP level 13. HP: 88/88 MP: 24/24
 13246 | Lair:1   | Reached skill level 5 in Ice Magic
 13368 | Lair:1   | Reached **** piety under Dithmenos
 13986 | Lair:1   | Reached skill level 15 in Stealth
 14152 | Lair:1   | Upgraded the game from 0.31-a0-819-gf6de2f5ab6 to
                  | 0.31-a0-836-g3ceb0a68c4
 14180 | Lair:2   | Found a transporter.
 14196 | Lair:2   | Found a transporter.
 14444 | Lair:2   | Found a staircase to the Snake Pit.
 14902 | Lair:2   | Found a staircase to the Swamp.
 15737 | Lair:3   | Reached ***** piety under Dithmenos
 15875 | Lair:3   | Found the +4 skin of Zhor {*Englaciate rC+++ SInv}
 16754 | Lair:4   | Gained mutation: Spells you cast may paralyse nearby
                  | enemies. [demonic ancestry]
 16754 | Lair:4   | Reached XP level 14. HP: 74/96 MP: 21/26
 16984 | Lair:4   | Found a viscous altar of Jiyva.
 16984 | Lair:4   | Found a staircase to the Slime Pits.
 17139 | Lair:4   | Reached skill level 16 in Stealth
 17394 | Lair:5   | Entered Level 5 of the Lair of Beasts
 17434 | Lair:5   | Reached skill level 5 in Fighting
 17601 | Lair:5   | Reached ****** piety under Dithmenos
 18116 | Lair:5   | Reached skill level 17 in Stealth
 18517 | Lair:5   | Found a corrupted altar of Lugonu.
 18517 | Lair:5   | Found a one-way gate to the infinite horrors of the Abyss.
 18527 | Lair:5   | Identified the +1 chain mail of Focus {Str+5}
 19067 | Orc:1    | Entered Level 1 of the Orcish Mines
 19070 | Orc:1    | Found Haba's Book Shop.
 19071 | Orc:1    | Noticed an orc warlord
 19107 | Orc:1    | Killed an orc warlord
 19405 | Orc:1    | Gained mutation: Spells you cast and wands you use may
                  | paralyse nearby enemies. [demonic ancestry]
 19405 | Orc:1    | Reached XP level 15. HP: 103/103 MP: 27/27
 19405 | Orc:1    | Found a transporter.
 19406 | Orc:1    | Noticed Lodeef's ghost (journeyman OpSh)
 19411 | Orc:1    | Found a transporter.
 19436 | Orc:1    | Killed Lodeef's ghost
 19443 | Orc:1    | Got a peculiar book
 20281 | Orc:2    | Entered Level 2 of the Orcish Mines
 20429 | Orc:2    | Reached skill level 18 in Stealth
 20481 | Orc:2    | Found a staircase to the Elven Halls.
 20495 | Orc:2    | Noticed Saint Roka
 20500 | Orc:2    | Found Zatoer's General Store.
 20856 | Orc:2    | Killed Saint Roka
 20892 | Orc:2    | Found Peluggetoff's Antique Armour Shoppe.
 20936 | Orc:2    | Found Qimyner's Book Shoppe.
 20961 | Orc:2    | Bought a scroll of teleportation for 45 gold pieces
 20961 | Orc:2    | Bought a potion of mutation for 120 gold pieces
 20970 | Orc:2    | Found Jiffolug's Antique Weapon Shoppe.
 21262 | Orc:2    | Bought a glowing rapier for 161 gold pieces
 21264 | Orc:2    | Gained mutation: You are frail. (-10% HP) [potion of
                  | mutation]
 21264 | Orc:2    | Gained mutation: You expend magic power (3 MP) to
                  | strengthen your wands. [potion of mutation]
 21264 | Orc:2    | Gained mutation: Your spells are a little harder to cast,
                  | but a little more powerful. [potion of mutation]
 21265 | Orc:2    | Lost mutation: You expend magic power (3 MP) to strengthen
                  | your wands. [potion of mutation]
 21265 | Orc:2    | Lost mutation: You are frail. (-10% HP) [potion of
                  | mutation]
 21265 | Orc:2    | Lost mutation: Your spells are a little harder to cast, but
                  | a little more powerful. [potion of mutation]
 21265 | Orc:2    | Gained mutation: You have hidden genetic potential. [potion
                  | of mutation]
 21265 | Orc:2    | Gained mutation: Your body sometimes deteriorates upon
                  | taking damage. [potion of mutation]
 21265 | Orc:2    | Gained mutation: A frigid envelope surrounds you and
                  | freezes all who hurt you. [potion of mutation]
 21422 | Snake:1  | Entered Level 1 of the Snake Pit
 21422 | Snake:1  | Found a runed translucent door.
 21713 | Snake:1  | Noticed Asterion
 22132 | Snake:1  | Noticed an Executioner
 22216 | Snake:1  | Killed Asterion
 22339 | Snake:1  | Noticed quinnr's ghost (journeyman TeAE)
 22347 | Snake:1  | Found a bloodstained altar of Trog.
 22355 | Snake:1  | Found a transporter.
 22360 | Snake:1  | Identified the ring of Nuejuaru {rF+ rN+}
 22367 | Snake:1  | Found a transporter.
 22439 | Snake:1  | Found Owabug's Neck Hole.
 22840 | Snake:1  | Demolished by quinnr's ghost

Illustrated notes

Levels and vault maps discovered:
D:1:      dpeg_arrival_tiny_j, layout_loops_ring, minmay_misc_feat_more_columns,
          minmay_strange_pillars
D:2:      layout_rooms, shapermc_ecumenical_altar_venn, guppyfry_early_lair_pool
D:3:      layout_loops_corners, st_stairs_6, minivault_25, minmay_unequal
D:4:      layout_basic, trog_hazing_becter, minmay_temple_entry_hall,
          gammafunk_ghost_grave, serial_shops, shop, nicolae_grassy_gnolls
D:5:      layout_cave_pools, minmay_misc_feat_hallway
D:6:      layout_basic, mainiacjoe_overflow_24_doors,
          mainiacjoe_overflow_big_doors, chequers_garden, dk_vineyard_1,
          guppyfry_early_elven_hall
D:7:      layout_layer_cave, nicolae_overflow_hidden_temple, enter_ossuary_1,
          minmay_holes, nicolae_shop_vocational
D:8:      lemuel_castle_with_subvaults [lemuel_castle_interior_original],
          layout_loops_ring, nicolae_vehumet_radiance,
          lemuel_coloured_pillars_altar, jmf_multi_god_temple2, uniq_jeremiah,
          uniq_pikel
D:9:      layout_basic
D:10:     layout_basic, orc_0_dummy
D:11:     layout_big_octagon, gammafunk_ghost_nasty_kobolds, uniq_nergalle
Temple:   hellmonk_temple_forest_ring
Lair:1:   minmay_lair_oklob_chamber, layout_cave_pods,
          portal_ice_cave_demonic_guard
Lair:2:   gammafunk_cloud_chamber, layout_long_grid, nicolae_swamp_entry_spooky,
          guppyfry_snake_entry_island
Lair:3:   layout_cave_shapes, special_room [special_room_bee],
          hellmonk_guarded_unrand_zhor
Lair:4:   layout_hall_layers, dpeg_slime_entry_corner
Lair:5:   hellmonk_lair_end_abyssal_woods, layout_regular_city,
          columned_hall_lemuel, nicolae_quartered_pool_medium,
          chequers_serial_rivers_room_a, grunt_forest_large_clearings
Snake:1:  cheibrodos_toxic_ritual, layout_misc_corridors,
          gammafunk_ghost_wrathful_warriors, nicolae_shop_sticking_my_neck_out,
          uniq_asterion
Orc:1:    layout_diamond_mine, gammafunk_ghost_smash, serial_shops,
          nicolae_shop_advertising_works [nicolae_subvault_shop_adworks]
Orc:2:    grunt_orc_cross, layout_caves

Skill      XL: |  1  2  3  4  5  6  7  8  9 10 11 12 13 14 15 |
---------------+----------------------------------------------+-----
Stealth        | 3 4 5 6 8 9 10 13 14 15 17 18 | 18.8
Dodging        | 2 3 4 5 6 7 |  7.6
Short Blades   | 1 2 3 4 5 6 7 8 |  8.1
Ice Magic      | 1 2 3 4 6 8 |  8.0
Fighting       | 1 2 3 4 5 |  5.5
Hexes          | 4 5 6 7 8 9 |  9.8
Spellcasting   | 3 4 5 6 7 8 9 |  9.6
Shields        | 1 3 4 6 7 9 |  9.1
Conjurations   | 1 2 3 4 |  4.1

Action                     |  1- 3 |  4- 6 |  7- 9 | 10-12 | 13-15 || total
---------------------------+-------+-------+-------+-------+-------++-------
  Melee: Dagger            |   107 |    96 |   266 |   448 |   867 ||  1784
         Kick              |     8 |    22 |    99 |   143 |   227 ||   499
   Cast: Ensorcelled Hiber |    13 |    22 |    43 |    79 |   113 ||   270
         Confusing Touch   |       |     3 |     2 |       |     1 ||     6
         Dazzling Flash    |       |       |    13 |    38 |   122 ||   173
    Use: Scroll            |       |     9 |     6 |     7 |    10 ||    32
         Potion            |       |       |       |     2 |     9 ||    11
   Stab: Sleeping          |    15 |    21 |    42 |    77 |   124 ||   279
         Distracted        |     1 |     1 |     1 |     4 |     7 ||    14
         Paralysed         |       |     9 |    38 |    43 |   137 ||   227
         Confused          |       |     1 |     2 |       |       ||     3
         Invisible         |       |       |       |    15 |    50 ||    65
         Petrified         |       |       |       |       |     1 ||     1
 Armour: Robe              |    37 |    34 |    71 |   125 |    78 ||   345
         Steam dragon scal |       |       |       |    11 |       ||    11
         Animal skin       |       |       |       |       |   155 ||   155
  Dodge: Dodged            |    45 |    31 |    69 |   192 |   433 ||   770
  Block: Other             |     8 |       |       |       |       ||     8
         Buckler           |     1 |    35 |   135 |   249 |   481 ||   901
         Reflection        |       |       |     3 |     1 |       ||     4

Table legend: (Time is in decaauts)
 A = Elapsed time spent in this place.
 B = Non-inter-level travel time spent in this place.
 C = Inter-level travel time spent in this place.
 D = Time resting spent in this place.
 E = Time spent auto-exploring this place.
 F = Levels seen in this place.
 G = Mean time per level.
                   A        B        C        D        E       F      G
               +--------+--------+--------+--------+--------+-----+--------+
         Total |  22497 |  21823 |    674 |   4248 |   8781 |  22 | 1022.6 |
       Dungeon |  11602 |  11173 |    429 |   1027 |   6993 |  11 | 1054.7 |
        Temple |      1 |      1 |      0 |      0 |      0 |   1 |    1.0 |
          Lair |   6281 |   6077 |    204 |   1694 |   1502 |   5 | 1256.2 |
     Snake Pit |    898 |    898 |      0 |    203 |     18 |   1 |  898.0 |
  Orcish Mines |   2029 |   1989 |     40 |    596 |    249 |   2 | 1014.5 |
       Ossuary |    292 |    292 |      0 |      0 |      0 |   1 |  292.0 |
      Ice Cave |   1391 |   1391 |      0 |    728 |     18 |   1 | 1391.0 |
               +--------+--------+--------+--------+--------+-----+--------+

Top non-repeatable levels by time:
  Lair:2: 2034 daAuts
     D:8: 1810 daAuts
     D:7: 1790 daAuts
     D:6: 1541 daAuts
  Lair:5: 1460 daAuts
   IceCv: 1391 daAuts
  Lair:1: 1098 daAuts
     D:3: 1078 daAuts
   Orc:1: 1066 daAuts
     D:4: 1004 daAuts
    D:10: 997 daAuts
   Orc:2: 963 daAuts
  Lair:4: 936 daAuts
 Snake:1: 898 daAuts
     D:1: 843 daAuts
